SAAA
PURE MICHIGAN GREAT LAKERS @ NAPERVILLE BATTLEKINGS
05/20/2025
 
TOP OF THE 1ST
Pure Michigan Great Lakers batting - Pitching for Naperville Battlekings : RHP Chris Hayes
Pitching: RHP Chris Hayes
Batting: LHB César Muńóz 0-0: Swinging Strike
0-1: Ball
1-1: Ball
2-1: Ball
3-1: Reached on error, E3 (Groundball, 3)
Batting: RHB Javier Rivera 0-0: Called Strike
0-1: Ball
1-1: Ball
2-1: Fly out, F8 (Line Drive, 8LS)
Batting: LHB Mario Cruz 0-0: SINGLE (Groundball, 4MD)
César Muńóz to second
Runner from 2nd tries for 3rd, SAFE, no throw
Batting: RHB Jeffery Campbell 0-0: Grounds into double play, 1-6-3 (Groundball, P)
Top of the 1st over - 0 run(s), 1 hit(s), 1 error(s), 1 left on base; Pure Michigan 0 - Naperville 0
BOTTOM OF THE 1ST
Naperville Battlekings batting - Pitching for Pure Michigan Great Lakers : LHP Jaime Carrión
Pitching: LHP Jaime Carrión
Batting: RHB Pedro González 0-0: Ball
1-0: Ground out 4-3 (Groundball, 4)
Batting: RHB Edward Payne 0-0: Called Strike
0-1: Called Strike
0-2: Strikes out looking
Batting: LHB Naohiro Sakai 0-0: Called Strike
0-1: Swinging Strike
0-2: Foul Ball, location: 2F
0-2: Ball
1-2: Foul Ball, location: 2F
1-2: Foul Ball, location: 2F
1-2: Foul Ball, location: 2F
1-2: Ball
2-2: Strikes out swinging
Bottom of the 1st over - 0 run(s), 0 hit(s), 0 error(s), 0 left on base; Pure Michigan 0 - Naperville 0
TOP OF THE 2ND
Pure Michigan Great Lakers batting - Pitching for Naperville Battlekings : RHP Chris Hayes
Batting: RHB Ulbert Sutkamp 0-0: Ball
1-0: Ball
2-0: Ball
3-0: Base on Balls
Batting: RHB Jean Chamissa 0-0: Ball
1-0: Ball
2-0: Called Strike
2-1: Ball
3-1: Called Strike
3-2: Base on Balls
Ulbert Sutkamp to second
Batting: RHB Ramiro Gonzáles 0-0: Ball
1-0: Swinging Strike
1-1: Ball
2-1: Swinging Strike
2-2: Ball
3-2: Fly out, F7 (Line Drive, 7D)
Runner from 2nd tags up, SAFE at 3rd, no throw
Batting: LHB Keith Spear 0-0: Called Strike
0-1: Ball
1-1: Ball
2-1: Ball
3-1: Base on Balls
Jean Chamissa to second
Batting: RHB Zong-yuan Fung 0-0: Ball
1-0: Swinging Strike
1-1: Grounds into double play, 4-6-3 (Groundball, 4)
Top of the 2nd over - 0 run(s), 0 hit(s), 0 error(s), 2 left on base; Pure Michigan 0 - Naperville 0
BOTTOM OF THE 2ND
Naperville Battlekings batting - Pitching for Pure Michigan Great Lakers : LHP Jaime Carrión
Batting: RHB Jorge Baker 0-0: Called Strike
0-1: Swinging Strike
0-2: Strikes out swinging
Batting: RHB António Guzmán 0-0: Called Strike
0-1: Ball
1-1: Ball
2-1: Ball
3-1: Foul Ball, location: 2F
3-2: Ground out 6-3 (Groundball, 6)
Batting: LHB Philip Strickland 0-0: Fly out, F9 (Line Drive, 9)
Bottom of the 2nd over - 0 run(s), 0 hit(s), 0 error(s), 0 left on base; Pure Michigan 0 - Naperville 0
TOP OF THE 3RD
Pure Michigan Great Lakers batting - Pitching for Naperville Battlekings : RHP Chris Hayes
Batting: LHB César Muńóz 0-0: Ball
1-0: Ball
2-0: Foul Ball, location: 2F
2-1: Bunted foul
2-2: Ground out 4-3 (Groundball, 4M)
Batting: RHB Javier Rivera 0-0: Ball
1-0: Called Strike
1-1: Ground out 6-3 (Groundball, 6)
Batting: LHB Mario Cruz 0-0: Ground out 4-3 (Groundball, 34)
Top of the 3rd over - 0 run(s), 0 hit(s), 0 error(s), 0 left on base; Pure Michigan 0 - Naperville 0
BOTTOM OF THE 3RD
Naperville Battlekings batting - Pitching for Pure Michigan Great Lakers : LHP Jaime Carrión
Batting: RHB Álex Rodríguez 0-0: Ball
1-0: Called Strike
1-1: Ground out 5-3 (Groundball, 56S)
Batting: SHB Daryl Lloyd 0-0: Ground out 5-3 (Groundball, 56S)
Batting: RHB Jim Unknown 0-0: Called Strike
0-1: Ball
1-1: Ball
2-1: Foul Ball, location: 2F
2-2: Ball
3-2: Strikes out swinging
Bottom of the 3rd over - 0 run(s), 0 hit(s), 0 error(s), 0 left on base; Pure Michigan 0 - Naperville 0
TOP OF THE 4TH
Pure Michigan Great Lakers batting - Pitching for Naperville Battlekings : RHP Chris Hayes
Batting: RHB Jeffery Campbell 0-0: Called Strike
0-1: Ball
1-1: Fly out, F9 (Flyball, 9LS)
Batting: RHB Ulbert Sutkamp 0-0: Ground out 6-3 (Groundball, 6)
Batting: RHB Jean Chamissa 0-0: Ball
1-0: Foul Ball, location: 2F
1-1: Called Strike
1-2: Ball
2-2: Ground out 5-3 (Groundball, 56S)
Top of the 4th over - 0 run(s), 0 hit(s), 0 error(s), 0 left on base; Pure Michigan 0 - Naperville 0
BOTTOM OF THE 4TH
Naperville Battlekings batting - Pitching for Pure Michigan Great Lakers : LHP Jaime Carrión
Batting: RHB Pedro González 0-0: Ball
1-0: Foul Ball, location: 2F
1-1: Foul Ball, location: 2F
1-2: Ball
2-2: Fly out, F8 (Flyball, 8LS)
Batting: RHB Edward Payne 0-0: Ball
1-0: Fly out, F9 (Flyball, 9LS)
Batting: LHB Naohiro Sakai 0-0: Ball
1-0: SINGLE (Flyball, 89S)
Batting: RHB Jorge Baker 0-0: Foul Ball, location: 2F
0-1: Ball
1-1: Foul Ball, location: 2F
1-2: Strikes out looking
Bottom of the 4th over - 0 run(s), 1 hit(s), 0 error(s), 1 left on base; Pure Michigan 0 - Naperville 0
TOP OF THE 5TH
Pure Michigan Great Lakers batting - Pitching for Naperville Battlekings : RHP Chris Hayes
Batting: RHB Ramiro Gonzáles 0-0: Swinging Strike
0-1: Ball
1-1: Called Strike
1-2: Foul Ball, location: 2F
1-2: Ball
2-2: Ball
3-2: Foul Ball, location: 2F
3-2: Foul Ball, location: 2F
3-2: Base on Balls
Batting: LHB Keith Spear 0-0: Bunt missed!
0-1: Sac Bunt - play at second, runner OUT! 5-6
Batting: RHB Zong-yuan Fung 0-0: Ball
1-0: Ball
2-0: Ball
3-0: Called Strike
3-1: Called Strike
3-2: Strikes out swinging
Batting: LHB César Muńóz Pickoff Throw to First - Error! E1
Keith Spear to second
0-0: Foul Ball, location: 2F
0-1: Foul Ball, location: 2F
0-2: Ground out U3 (Groundball, 3)
Top of the 5th over - 0 run(s), 0 hit(s), 1 error(s), 1 left on base; Pure Michigan 0 - Naperville 0
BOTTOM OF THE 5TH
Naperville Battlekings batting - Pitching for Pure Michigan Great Lakers : LHP Jaime Carrión
Batting: RHB António Guzmán 0-0: Reached on error, E1 (Groundball, P)
Batting: LHB Philip Strickland 0-0: Foul Ball, location: 2F
0-1: Bunted foul
0-2: Fly out, F8 (Flyball, 8LM)
Batting: RHB Álex Rodríguez 0-0: Called Strike
0-1: Ball
1-1: Swinging Strike
1-2: Strikes out looking
Batting: SHB Daryl Lloyd 0-0: Ball
1-0: Foul Ball, location: 2F
1-1: Foul Ball, location: 2F
1-2: SINGLE (Groundball, 6D)
António Guzmán to second
Batting: RHB Jim Unknown 0-0: Ball
1-0: Ball
2-0: Fly out, F9 (Flyball, 9)
Bottom of the 5th over - 0 run(s), 1 hit(s), 1 error(s), 2 left on base; Pure Michigan 0 - Naperville 0
TOP OF THE 6TH
Pure Michigan Great Lakers batting - Pitching for Naperville Battlekings : RHP Chris Hayes
Batting: RHB Javier Rivera 0-0: Ball
1-0: Ball
2-0: Ball
3-0: Called Strike
3-1: SOLO HOME RUN (Flyball, 8LXD), Distance : 439 ft
Batting: LHB Mario Cruz 0-0: Ground out 5-3 (Groundball, 6)
Batting: RHB Jeffery Campbell 0-0: Ball
1-0: Called Strike
1-1: Ball
2-1: SOLO HOME RUN (Flyball, 89XD), Distance : 396 ft
Batting: RHB Ulbert Sutkamp 0-0: Ball
1-0: Ball
2-0: Foul Ball, location: 2F
2-1: Swinging Strike
2-2: Foul Ball, location: 2F
2-2: Foul Ball, location: 2F
2-2: Ball
3-2: Base on Balls
Batting: RHB Jean Chamissa 0-0: Ball
1-0: Ball
2-0: Ball
3-0: Called Strike
3-1: Called Strike
3-2: Foul Ball, location: 2F
3-2: Foul Ball, location: 2F
3-2: Foul Ball, location: 2F
3-2: Strikes out swinging
Batting: RHB Ramiro Gonzáles 0-0: Swinging Strike
0-1: Swinging Strike
0-2: Ball
1-2: Ball
2-2: SINGLE (Line Drive, 8LS)
Ulbert Sutkamp to second
Runner from 2nd tries for 3rd, SAFE, throw made to third
Batting: LHB Keith Spear 0-0: Ball
1-0: Ball
2-0: Called Strike
2-1: 3-RUN HOME RUN (Flyball, 89XD), Distance : 390 ft
Batting: RHB Zong-yuan Fung 0-0: Foul Ball, location: 2F
0-1: Ball
1-1: Ball
2-1: Ball
3-1: Ground out 6-3 (Groundball, 6)
Top of the 6th over - 5 run(s), 4 hit(s), 0 error(s), 0 left on base; Pure Michigan 5 - Naperville 0
BOTTOM OF THE 6TH
Naperville Battlekings batting - Pitching for Pure Michigan Great Lakers : LHP Jaime Carrión
Batting: RHB Pedro González 0-0: Ground out 1-3 (Groundball, 13S)
Batting: RHB Edward Payne 0-0: DOUBLE (Flyball, 78XD)
Batting: LHB Naohiro Sakai 0-0: Ball
1-0: Ball
2-0: Called Strike
2-1: Fly out, F9 (Line Drive, 9)
Batting: RHB Jorge Baker 0-0: SINGLE (Groundball, 56D)
Edward Payne to third
Runner from 3rd tries for Home, SAFE, no throw
Batting: RHB António Guzmán 0-0: Ball
1-0: Called Strike
1-1: Swinging Strike
1-2: Ball
2-2: Foul Ball, location: 2F
2-2: Fielders Choice at 2nd, 4-6 (Groundball, 4)
Bottom of the 6th over - 1 run(s), 2 hit(s), 0 error(s), 0 left on base; Pure Michigan 5 - Naperville 1
TOP OF THE 7TH
Pure Michigan Great Lakers batting - Pitching for Naperville Battlekings : RHP Chris Hayes
Batting: LHB César Muńóz 0-0: Ball
1-0: Ball
2-0: Hit by Pitch
Batting: RHB Javier Rivera 0-0: Called Strike
César Muńóz steals 2nd base
0-1: Foul Ball, location: 2F
0-2: SINGLE (Groundball, 56) (infield hit)
César Muńóz to third
Batting: LHB Mario Cruz 0-0: Ground out 4-3 (Groundball, 34D)
César Muńóz scores
Javier Rivera to second
Pitching: LHP Dusty Muhidini
Batting: RHB Jeffery Campbell 0-0: Ball
1-0: Ball
2-0: Ball
3-0: Called Strike
3-1: Base on Balls
Batting: RHB Ulbert Sutkamp 0-0: Called Strike
0-1: SINGLE (Flyball, 9S)
Javier Rivera to third
Jeffery Campbell to second
Batting: RHB Jean Chamissa 0-0: Called Strike
0-1: SINGLE (Line Drive, 4)
Javier Rivera scores
Jeffery Campbell to third
Ulbert Sutkamp to second
Batting: RHB Ramiro Gonzáles 0-0: Ball
1-0: Fly out, F8 (Flyball, 8LD)
Runner from 3rd tags up, SCORES, no throw
Batting: LHB Keith Spear 0-0: Called Strike
0-1: Foul Ball, location: 2F
0-2: Strikes out swinging
Top of the 7th over - 3 run(s), 3 hit(s), 0 error(s), 2 left on base; Pure Michigan 8 - Naperville 1
BOTTOM OF THE 7TH
Naperville Battlekings batting - Pitching for Pure Michigan Great Lakers : LHP Jaime Carrión
Batting: LHB Philip Strickland 0-0: Ball
1-0: Ball
2-0: SINGLE (Line Drive, 9S)
Batting: RHB Álex Rodríguez 0-0: Ball
1-0: Called Strike
1-1: Ground out 5-3 (Groundball, 56S)
Philip Strickland to second
Batting: SHB Daryl Lloyd 0-0: Ball
1-0: Foul Ball, location: 2F
1-1: Foul Ball, location: 2F
1-2: Strikes out swinging
Batting: RHB Jim Unknown 0-0: SINGLE (Line Drive, 56D)
Philip Strickland to third
Runner from 3rd tries for Home, SAFE, no throw
Batting: RHB Pedro González 0-0: Ball
1-0: Ball
2-0: Foul Ball, location: 2F
2-1: Foul Ball, location: 2F
2-2: SINGLE (Groundball, 56D)
Jim Unknown to second
Batting: RHB Edward Payne 0-0: Ball
1-0: Foul Ball, location: 2F
1-1: Swinging Strike
1-2: Fly out, F8 (Flyball, 8LM)
Bottom of the 7th over - 1 run(s), 3 hit(s), 0 error(s), 2 left on base; Pure Michigan 8 - Naperville 2
TOP OF THE 8TH
Pure Michigan Great Lakers batting - Pitching for Naperville Battlekings : LHP Dusty Muhidini
Batting: RHB Zong-yuan Fung 0-0: Ball
1-0: Swinging Strike
1-1: Ball
2-1: Ground out 4-3 (Groundball, 4)
Batting: LHB César Muńóz 0-0: Ball
1-0: SINGLE (Groundball, 34D)
Batting: RHB Javier Rivera 0-0: Swinging Strike
0-1: Called Strike
0-2: Ball
1-2: Ball
2-2: Ball
3-2: SINGLE (Groundball, 4MD)
César Muńóz to second
Batting: LHB Mario Cruz 0-0: Ball
1-0: Called Strike
1-1: Ball
2-1: Foul Ball, location: 2F
2-2: Ball
3-2: Base on Balls
César Muńóz to third
Javier Rivera to second
Batting: RHB Jeffery Campbell 0-0: DOUBLE (Line Drive, 7LD)
César Muńóz scores
Javier Rivera scores
Mario Cruz to third
Runner from 3rd tries for Home, SAFE, throw made home
Pitching: RHP Manuel Carrión
Batting: RHB Ulbert Sutkamp 0-0: Ball
1-0: Ball
2-0: Ball
3-0: Base on Balls
Batting: RHB Jean Chamissa 0-0: Ball
1-0: Ball
2-0: Called Strike
2-1: Foul Ball, location: 2F
2-2: Ball
3-2: Base on Balls
Jeffery Campbell to third
Ulbert Sutkamp to second
Batting: RHB Ramiro Gonzáles 0-0: Ball
1-0: Ball
2-0: Ball
3-0: Called Strike
3-1: Foul Ball, location: 2F
3-2: Hit by Pitch
Jeffery Campbell scores
Ulbert Sutkamp to third
Jean Chamissa to second
Pinch Hitting: SHB Ryan Forrest 0-0: Ball
1-0: Called Strike
1-1: Swinging Strike
1-2: Foul Ball, location: 2F
1-2: Grounds into double play, 4-6-3 (Groundball, 4)
Top of the 8th over - 4 run(s), 3 hit(s), 0 error(s), 2 left on base; Pure Michigan 12 - Naperville 2
BOTTOM OF THE 8TH
Naperville Battlekings batting - Pitching for Pure Michigan Great Lakers : LHP Jaime Carrión
Now at 2B: Nathan Horton
Now in CF: Ryan Forrest
Batting: LHB Naohiro Sakai 0-0: Ball
1-0: Ground out 4-3 (Groundball, 4)
Batting: RHB Jorge Baker 0-0: Called Strike
0-1: Foul Ball, location: 2F
0-2: Foul Ball, location: 2F
0-2: SINGLE (Groundball, 34D)
Batting: RHB António Guzmán 0-0: Called Strike
0-1: Fly out, F9 (Flyball, 9S)
Batting: LHB Philip Strickland 0-0: Ball
1-0: Swinging Strike
1-1: Ball
2-1: Called Strike
2-2: Ground out 1-3 (Groundball, 13)
Bottom of the 8th over - 0 run(s), 1 hit(s), 0 error(s), 1 left on base; Pure Michigan 12 - Naperville 2
TOP OF THE 9TH
Pure Michigan Great Lakers batting - Pitching for Naperville Battlekings : RHP Manuel Carrión
Batting: RHB Zong-yuan Fung 0-0: Ball
1-0: Swinging Strike
1-1: Ball
2-1: Foul Ball, location: 2F
2-2: Foul Ball, location: 2F
2-2: Foul Ball, location: 2F
2-2: Ground out 5-3 (Groundball, 25)
Batting: LHB César Muńóz 0-0: Called Strike
0-1: Ball
1-1: Ball
2-1: Fly out, F7 (Flyball, 7)
Batting: RHB Javier Rivera 0-0: Ball
1-0: Foul Ball, location: 2F
1-1: SINGLE (Flyball, 7S)
Batting: LHB Mario Cruz 0-0: Called Strike
0-1: Foul Ball, location: 2F
0-2: DOUBLE (Line Drive, 8RD)
Javier Rivera to third
Runner from 3rd tries for Home, SAFE, no throw
Batting: RHB Jeffery Campbell 0-0: Called Strike
0-1: Ball
1-1: Ball
Wild Pitch!
Mario Cruz to third
2-1: Foul Ball, location: 2F
2-2: Fly out, F9 (Flyball, 89M)
Top of the 9th over - 1 run(s), 2 hit(s), 0 error(s), 1 left on base; Pure Michigan 13 - Naperville 2
BOTTOM OF THE 9TH
Naperville Battlekings batting - Pitching for Pure Michigan Great Lakers : LHP Jaime Carrión
Pitching: RHP Jim Unknown
Batting: RHB Álex Rodríguez 0-0: Called Strike
0-1: Swinging Strike
0-2: Foul Ball, location: 2F
0-2: Ball
1-2: Ball
2-2: Strikes out looking
Batting: SHB Daryl Lloyd 0-0: Ball
1-0: Ball
2-0: Called Strike
2-1: Ball
3-1: Called Strike
3-2: Fly out, F6 (Line Drive, 6)
Batting: RHB Jim Unknown 0-0: Called Strike
0-1: Ball
1-1: Swinging Strike
1-2: Strikes out swinging
Bottom of the 9th over - 0 run(s), 0 hit(s), 0 error(s), 0 left on base; Pure Michigan 13 - Naperville 2
Friday, December 30th, 2016 - OOTP Baseball 17.12 Build 75